 Dungeon Crawl Stone Soup version 0.19.0-20-gbc5f0c6 (webtiles) character file.

151 Jerry the Slasher (level 5, 43/43 HPs)
             Began as a Vine Stalker Berserker on Nov 17, 2016.
             Was a Believer of Trog.
             Quit the game on level 2 of the Dungeon.
             The game lasted 00:05:16 (1198 turns).

Jerry the Slasher (Vine Stalker Berserker)          Turns: 1198, Time: 00:05:17

Health: 43/43      AC: 22    Str: 19    XL:     5   Next: 33%
Magic:  6/6        EV:  2    Int:  7    God:    Trog [**....]
Gold:   92         SH:  0    Dex: 15    Spells: 0 memorised, 4 levels left

rFire  . . .     SeeInvis .     q - -2 rapier (curse)
rCold  . . .     Gourm    .     (armour currently unavailable)
rNeg   + + +     Faith    .     (no shield)
rPois  +         Spirit   +     (helmet currently unavailable)
rElec  .         Reflect  .     (cloak currently unavailable)
rCorr  .         Harm     .     (gloves currently unavailable)
MR     .....     NoTele   +     (boots currently unavailable)
Stlth  ..........               (no amulet)
                                (no ring)
                                n - ring of loudness (curse)

@: tree-form
A: (fangs 0), regeneration 1, magic shield, (antimagic bite), no device heal 3,
rot immunity
a: Berserk, Trog's Hand, Burn Spellbooks, Renounce Religion


You were on level 2 of the Dungeon.
You worshipped Trog.
Trog was pleased with you.
You were not hungry.
You were a tree.
You visited 1 branch of the dungeon, and saw 2 of its levels.

You collected 92 gold pieces.

Inventory:

Hand Weapons
 a - a +0 falchion
 q - a cursed -2 rapier (weapon)
Armour
 b - a +0 animal skin
 g - a cursed +0 cloak (melded)
 h - a +0 pair of boots (melded)
 l - a cursed +0 ring mail (melded)
 o - a +0 pair of gloves (melded)
Jewellery
 n - a cursed ring of loudness (left branch)
Scrolls
 f - a scroll of remove curse {unknown}
 i - a scroll of random uselessness {unknown}
 m - 3 scrolls of identify {unknown}
Potions
 e - a potion of magic
 j - 2 potions of lignification
Comestibles
 c - a bread ration
 d - 10 chunks of flesh
 p - 4 fruits


   Skills:
 + Level 3.6 Fighting
 + Level 3.8 Long Blades
 + Level 2.7 Armour
 - Level 1.5 Dodging


You had 4 spell levels left.
You didn't know any spells.

Dungeon Overview and Level Annotations

Branches:
Dungeon (2/15)

Altars:
Okawaru
Xom


Innate Abilities, Weirdness & Mutations

((You have extremely sharp teeth.))
Your natural rate of healing is unusually fast.
When hurt, damage is shared between your health and your magic reserves.
((Your bite disrupts and absorbs the magic of your enemies.))
Potions and wands cannot restore your health.
You are immune to rotting.


Message History

You see here a runed rapier.
q - a runed rapier Wield which item (- for none, * to show all)? (? for menu, Esc to quit)
It sticks to your hand!
q - a cursed -2 rapier (weapon)
Are you sure you want to abandon this character and quit the game? (Confirm with "yes".)
Okay, then.
It was a potion of magic.
Magic courses through your body.
It was a potion of lignification.
You turn into a tree.
Your cursed +0 cloak melds into your body.
Your +0 pair of gloves melds into your body.
Your +0 pair of boots melds into your body.
Your cursed +0 ring mail melds into your body.
Your roots penetrate the ground.
It was a potion of curing.
That felt strangely inert.
Okay, then.
You are stuck in your current form!
You are stuck in your current form!
Okay, then.
Are you sure you want to abandon this character and quit the game? (Confirm with "yes".)

.#
#)....##..###.##.##
.#
#.....###........#
.# #######
#.###.#### ##
#.###.# # ###
#..##.### # #...
#..#....# # #....
#.......# #
#..?..#####.#.....#
######
#........♣......###
.....#
#.....$#######..#
.....# #...... .>#
.....# #.....# ###
###### #..... #
#..... # #...[ #
##### #


There were no monsters in sight!

Vanquished Creatures
  Jessica (D:2)
  Terence (D:2)
  Natasha (D:2)
  3 adders (D:2)
  A worm (D:2)
  2 dart slugs (D:1)
  2 leopard geckos (D:1)
  11 bats
  2 giant cockroaches (D:1)
  4 goblins
  A hobgoblin (D:2)
  3 frilled lizards (D:1)
  6 kobolds
  8 rats
46 creatures vanquished.

Notes
Turn   | Place    | Note
-------+----------+-------------------------------------------
     0 | D:1      | Jerry the Vine Stalker Berserker began the quest for the Orb.
     0 | D:1      | Reached XP level 1. HP: 11/11 MP: 2/2
   123 | D:1      | Reached XP level 2. HP: 14/16 MP: 3/3
   332 | D:1      | Reached XP level 3. HP: 20/20 MP: 4/4
   725 | D:2      | Noticed Terence
   734 | D:2      | Killed Terence
   735 | D:2      | Noticed Jessica
   740 | D:2      | Killed Jessica
   740 | D:2      | Reached ** piety under Trog
   740 | D:2      | Gained mutation: Your natural rate of healing is unusually fast. [Vine Stalker growth]
   740 | D:2      | Reached XP level 4. HP: 24/24 MP: 5/5
   786 | D:2      | Found an iron altar of Okawaru.
   999 | D:2      | Noticed Natasha
  1006 | D:2      | Killed Natasha
  1006 | D:2      | Reached XP level 5. HP: 25/28 MP: 6/6
  1032 | D:2      | Found a shimmering altar of Xom.
  1198 | D:2      | Quit the game

Skill      XL: |  1  2  3 |
---------------+----------+-----
Fighting       | 3 |  3.6
Long Blades    | 3 |  3.8
Armour         | 2 |  2.7
Dodging        | |  1.5

Action                   |  1- 3 |  4- 6 || total
-------------------------+-------+-------++-------
Melee: Falchion          |    52 |    53 ||   105
       Bite              |    23 |    11 ||    34
Invok: Berserk           |     1 |       ||     1
  Use: Potion            |       |     3 ||     3
  Eat: Chunk             |       |     2 ||     2
Armor: Animal skin       |    11 |       ||    11
       Ring mail         |     8 |    29 ||    37
Dodge: Dodged            |    35 |    33 ||    68
       Rpst.: Falchion   |    13 |     8 ||    21
